 Dungeon Crawl Stone Soup version 0.30-a0-632-g346586fe48 (webtiles) character file.

Game seed: 17535668421853660069

2 Leeroy the Cutter (level 1, -4/13 HPs)
             Began as a Deep Elf Berserker on Jan 13, 2023.
             Was a Follower of Trog.
             Slain by a quokka (5 damage)
             ... on level 1 of the Dungeon.
             The game lasted 00:00:29 (151 turns).

Leeroy the Cutter (Deep Elf Berserker)               Turns: 151, Time: 00:00:29

Health: -4/13      AC:  2    Str: 14    XL:     1   Next: 25%
Magic:  3/3        EV: 12    Int: 11    God:    Trog [*.....]
Gold:   37         SH:  0    Dex: 14    Spells: 0/0 levels left

rFire   . . .      SeeInvis .    a - +0 short sword
rCold   . . .      Faith    .    (no shield)
rNeg    . . .      Spirit   .    b - +0 animal skin
rPois   .          Reflect  .    (no helmet)
rElec   .          Harm     .    e - scarf {+Inv}
rCorr   .          Rampage  .    (no gloves)
Will    .....                    (no boots)
Stlth   +                        (no amulet)
HPRegen 0.22/turn                g - ring of flight
MPRegen 0.08/turn                (no ring)

@: on berserk cooldown, flying, slowed, very slow
A: no striking features
a: Renounce Religion, Evoke Invisibility, Berserk


You were on level 1 of the Dungeon.
You worshipped Trog.
Trog was aware of your devotion.
You visited 1 branch of the dungeon, and saw 1 of its levels.

You collected 37 gold pieces.

Inventory:

Hand Weapons
 a - a +0 short sword (weapon)
Armour
 b - a +0 animal skin (worn)
 e - a scarf of invisibility (worn)
Jewellery
 g - a ring of flight (left hand)
Scrolls
 c - 2 scrolls of teleportation {unknown}
 d - a scroll of enchant armour {unknown}
Potions
 f - a potion of invisibility {unknown}


   Skills:
 - Level 2.4 Fighting
 - Level 3.0 Short Blades
 - Level 1.5 Armour
 + Level 2.6 Dodging
 + Level 0.3 Stealth


You couldn't memorise any spells.
You didn't know any spells.
Your spell library was empty.

Dungeon Overview and Level Annotations

Branches:
Dungeon (1/15)

Altars:


Message History

You are too injured to fight recklessly!
You are too injured to fight recklessly!
You are too injured to fight recklessly!
You are too injured to fight recklessly!
You are too injured to fight recklessly!
A red film seems to cover your vision as you go berserk!
You feel yourself moving faster!
You feel mighty! The quokka misses you. The quokka bites you.
You hit the quokka.
The quokka is heavily wounded.
You barely miss the quokka.
The quokka is heavily wounded.
The quokka bites you.
You barely miss the quokka.
The quokka is heavily wounded.
The quokka bites you.
* * * LOW HITPOINT WARNING * * *
You puncture the quokka!
You kill the quokka!
Trog accepts your kill.
A quokka comes into view.
You feel a strong urge to attack something.
You feel your anger nearly subside.
You are no longer berserk.
You are exhausted.
You feel yourself slow down.
A hobgoblin comes into view.
The quokka bites you but does no damage.
You hit the quokka but do no damage. The quokka barely misses you. x2
You closely miss the quokka. You punch the quokka.
The quokka is moderately wounded.
The hobgoblin shouts!
The quokka bites you but does no damage.
You hit the quokka.
The quokka is almost dead.
The quokka bites you.
* * * LOW HITPOINT WARNING * * *
You barely miss the quokka.
The quokka is almost dead.
The quokka bites you.
You die...

#.# #.# .# #.# #.#
#.#.###.# #.# #.#.#...#
##.#######.#.#...# ...
..##...#...# #.#
#.##...#...#
##.####.##........
#@.........#......
......r...###.##.#...#.#
###........##.##.#.#>...
#................#.#.#
#........#............
.g.###.##...........#..
.... #.####............
### #.######.....####.
#≈≈≈.......~≈≈#


You could see a quokka and a hobgoblin.

Vanquished Creatures
  A quokka (D:1)
  A rat (D:1)
2 creatures vanquished.

Notes
Turn   | Place    | Note
-------+----------+-------------------------------------------
     0 | D:1      | Leeroy the Deep Elf Berserker began the quest for the Orb.
     0 | D:1      | Reached XP level 1. HP: 13/13 MP: 3/3
   151 | D:1      | Slain by a quokka

Illustrated notes

Levels and vault maps discovered:
D:1:      enne_arrival_octagon_isle, layout_basic,
          ebering_ecumenical_altar_mist, minmay_tripent

Action                   || total
-------------------------++-------
Melee: Short sword       ||    13
       Punch             ||     1
Invok: Berserk           ||     1
 Stab: Sleeping          ||     1
Armor: Animal skin       ||     2
Dodge: Dodged            ||     5

Table legend: (Time is in decaauts)
 A = Elapsed time spent in this place.
 B = Non-inter-level travel time spent in this place.
 C = Inter-level travel time spent in this place.
 D = Time resting spent in this place.
 E = Time spent auto-exploring this place.
 F = Levels seen in this place.
 G = Mean time per level.
                   A        B        C        D        E       F      G
               +--------+--------+--------+--------+--------+-----+--------+
         Total |    147 |    147 |      0 |      0 |     99 |   1 |  147.0 |
       Dungeon |    147 |    147 |      0 |      0 |     99 |   1 |  147.0 |
               +--------+--------+--------+--------+--------+-----+--------+

Top non-repeatable levels by time:
     D:1: 147 daAuts
